 Dungeon Crawl Stone Soup version 0.32-a0-898-g7811c86cf0 (webtiles) character file.

Game seed: 7078165506004746993

103 HilariousDeathArtist the Trooper (level 4, 0/38 HPs)
             Began as a Coglin Reaver on Apr 4, 2024.
             Was a Follower of Trog.
             Killed by divine providence
             ... invoked by an orc priest
              (17 damage)
             ... on level 3 of the Dungeon.
             The game lasted 00:02:51 (1703 turns).

HilariousDeathArtist the Trooper (Coglin Reaver)    Turns: 1703, Time: 00:02:52

Health: 0/38       AC:  6    Str: 10 (12) XL:     4   Next: 79%
Magic:  6/6        EV: 10    Int: 10 (13) God:    Trog [*.....]
Gold:   177        SH:  0    Dex: 12 (14) Spells: 5/6 levels left

rFire   . . .        r - +4 dagger {Yongsun}
rCold   + . .        l - +0 dagger (venom) {Jim}
rNeg    . . .        h - +3 leather armour {rC+}
rPois   .            (no helmet)
rElec   .            (no cloak)
rCorr   .            (no gloves)
SInv    .            (no boots)
Will    .....        (amulet unavailable)
Stlth   +            (ring unavailable)
HPRegen 0.26/turn    (ring unavailable)
MPRegen 0.10/turn    (no gizmo)

%: no passive effects
@: weak-willed, revved
A: off-hand wielding, slow wielding, warmup strikes, no jewellery
a: Invent Gizmo, Renounce Religion, Berserk


You were on level 3 of the Dungeon.
You worshipped Trog.
Trog was aware of your devotion.
You visited 1 branch of the dungeon, and saw 3 of its levels.

You collected 177 gold pieces.

Inventory:

Hand Weapons
 a - a +0 long sword {Myungok}
   (You took it off a kobold on level 2 of the Dungeon)
 c - a +0 dagger {Zihan}
 l - a +0 dagger of venom (offhand) {Jim}
   (You took it off a goblin on level 2 of the Dungeon)
 q - a +0 falchion {Choonhe}
 r - a +4 dagger (weapon) {Yongsun}
   (You took it off a goblin on level 2 of the Dungeon)
Missiles
 j - 3 boomerangs
 n - 6 curare-tipped darts
 s - 35 stones
Armour
 h - a +3 leather armour of cold resistance (worn)
   (You found it on level 1 of the Dungeon)
 p - an orb of light
   (You took it off a kobold on level 2 of the Dungeon)
Talismans
 d - a blade talisman
   (You found it on level 1 of the Dungeon)
Scrolls
 e - a scroll of amnesia
 m - a scroll of enchant armour
 y - a scroll of torment {!r}
 V - a scroll of vulnerability {!r!r}
 Y - a scroll of teleportation {@r3}
Potions
 f - a potion of degeneration {!q}
 i - a potion of invisibility {unknown}
 k - a potion of ambrosia {unknown}
 w - a potion of lignification {unknown}
 x - a potion of brilliance {unknown}
 J - a potion of curing {@q1}


   Skills:
 + Level 4.8 Fighting
 - Level 3.0 Long Blades
 - Level 1.7 Dodging
 - Level 1.7 Spellcasting
 - Level 2.6 Conjurations


You had 5 spell levels left.
You knew the following spells:

 Your Spells              Type           Power      Damage    Failure   Level
a - Kiss of Death         Conj/Necr      12%        2d6       26%         1

Your spell library contained the following spells:

 Spells                   Type           Power      Damage    Failure   Level
 Momentum Strike          Conj/Tloc      6%         3d8       36%         2
 Hailstorm                Conj/Ice       3%         3d5       58%         3
 Stone Arrow              Conj/Erth      6%         3d7       58%         3
 Animate Armour           Summ/Erth      0%         N/A       99%         4
 Lehudib's Crystal Spear  Conj/Erth      1%         10d2      100%        8


Dungeon Overview and Level Annotations

Branches:
Dungeon (3/15)

Altars:
Trog


Innate Abilities, Weirdness & Mutations

You can wield a second weapon in your off-hand.
It takes a long time for you to wield or remove held weapons.
Your first few attacks do less damage.
You cannot equip rings or amulets.


Message History

a +0 robe; a frilled lizard skeleton You see here a hobgoblin skeleton.
You see here an adder skeleton.
You see here a +0 club.
x - an amethyst potion
y - a scroll labelled TICZADDUEM No target in view!
No target in view!
Done exploring.
Done exploring.
No target in view!
You see here a +0 club.
Things that are here:
a +0 dagger; a +0 short sword
There is a stone staircase leading down here.
You climb downwards.
There is a stone staircase leading up here.
As you read the scroll of identify {@r1}, it crumbles to dust.
y - a scroll of torment
As you read the scroll labelled NAIKLE WYCS, it crumbles to dust.
It is a scroll of enchant armour.
Your +2 leather armour of cold resistance glows green for a while.
You drop a +0 leather armour.
As you read the scroll labelled DOERAD ZIUKU, it crumbles to dust.
A wave of despondency washes over your surroundings.
It was a scroll of vulnerability.
V - a scroll of vulnerability
As you read the scroll labelled GISEM UFORURO, it dissolves into smoke.
It was a scroll of fog.
As you read the scroll labelled XEV FIV EMNE, it crumbles to dust.
You assume a fearsome visage.
Nothing appears to happen.
It was a scroll of fear.
Unknown command.
A bat comes into view.
A bat is nearby!
A bat is nearby!
The bat hits you but does no damage.
You hit the bat with your +4 dagger.
You kill the bat!
Trog accepts your kill.
No target in view!
No target in view!
No target in view!
No target in view!
You see here a +0 mace.
An orc comes into view. It is wielding a +0 falchion.
An orc is nearby!
An orc comes into view. It is wielding a +0 dagger.
An orc priest and an endoplasm come into view.
The orc priest shouts!
The orc priest casts a cantrip, but nothing happens.
The endoplasm quivers.
The orc barely misses you.
You closely miss the orc with your +0 dagger of venom.
You hit the orc with your +4 dagger. The orc hits you with a +0 falchion.
You take 3 damage, and have 35/38 hp.
You hit the orc with your +0 dagger of venom.
The orc is poisoned.
You hit the orc with your +4 dagger.
You kill the orc!
Trog accepts your kill.
You hit the orc with your +0 dagger of venom.
The orc is poisoned.
You completely miss the orc with your +4 dagger.
The orc hits you but does no damage.
The orc priest calls down the wrath of Beogh upon you.
Beogh smites you!
You take 11 damage, and have 24/38 hp.
MASSIVE DAMAGE!!
You barely miss the orc with your +0 dagger of venom.
You closely miss the orc with your +4 dagger.
The orc completely misses you.
You hit the orc with your +0 dagger of venom.
You kill the orc!
Trog accepts your kill.
The orc priest invokes the aid of Beogh against you.
Beogh smites you!
* * * LOW HITPOINT WARNING * * *
You take 13 damage, and have 11/38 hp.
MASSIVE DAMAGE!!
It was a potion of degeneration.
There was something very wrong with that liquid.
You feel weakened.
You feel dopey.
You feel clumsy.
The endoplasm hits you but does no damage.
It was a potion of curing.
You feel better.
J - a potion of curing The endoplasm freezes you.
You are frozen.
You resist.
You regained 6 hp, and now have 17/38 hp.
You hit the endoplasm with your +4 dagger.
You hit the endoplasm with your +0 dagger of venom.
You kill the endoplasm!
Trog accepts your kill.
You closely miss the orc priest with your +4 dagger.
You hit the orc priest with your +0 dagger of venom.
The orc priest is poisoned.
The orc priest invokes the aid of Beogh against you.
Beogh smites you!
You die...

#)# #.# #########
##.#####§.......
#.####....§.§§#######
#......).†.§§§§§§...#
######...##########.#
##.## #.########.#
#.....o@...#
############


You could see an orc priest (very poisoned).

Vanquished Creatures
  4 adders (D:2)
  2 dart slugs
  2 orcs (D:3)
  9 ball pythons
  5 endoplasms
  2 giant cockroaches (D:1)
  7 goblins
  7 hobgoblins
  A jackal (D:2)
  6 kobolds
  2 quokkas
  7 bats
  3 frilled lizards
  A rat (D:2)
58 creatures vanquished.

Notes
Turn   | Place    | Note
-------+----------+-------------------------------------------
     0 | D:1      | HilariousDeathArtist the Coglin Reaver began the quest for
                  | the Orb.
     0 | D:1      | Reached XP level 1. HP: 16/16 MP: 3/3
   205 | D:1      | Reached XP level 2. HP: 21/23 MP: 4/4
   273 | D:1      | Reached skill level 3 in Fighting
   656 | D:1      | Reached XP level 3. HP: 29/29 MP: 5/5
  1013 | D:2      | Reached skill level 4 in Fighting
  1086 | D:2      | Reached XP level 4. HP: 37/37 MP: 6/6
  1247 | D:2      | Found a faded altar of an unknown god.
  1257 | D:2      | Prayed at the altar of an unknown god.
  1257 | D:2      | Became a worshipper of Trog the Wrathful
  1257 | D:2      | Reached * piety under Trog
  1703 | D:3      | Killed from afar by an orc priest

Illustrated notes

Levels and vault maps discovered:
D:1:      dpeg_arrival_fog, layout_loops_corners, serial_park_tiny_1,
          kennysheep_nondescript, chequers_serial_rivers_small_a
D:2:      layout_rooms, dreamdust_ecumenical_altar_statues,
          kennysheep_small_spiral, minmay_nonomino_d4
D:3:      layout_loops_ring, lemuel_doored_altar,
          mainiacjoe_overflow_large_starburst, uniq_natasha

Skill      XL: |  1  2  3 |
---------------+----------+-----
Fighting       | 3 4 |  4.8
Long Blades    | |  3.0
Dodging        | |  1.7
Spellcasting   | |  1.7
Conjurations   | |  2.6

Action                     |  1- 3 |  4- 6 || total
---------------------------+-------+-------++-------
  Melee: Falchion          |    86 |    12 ||    98
         Dagger            |    76 |    66 ||   142
         Long sword        |       |    19 ||    19
    Use: Scroll            |     1 |     6 ||     7
         Potion            |       |     2 ||     2
   Stab: Sleeping          |       |     1 ||     1
 Armour: Leather armour    |    61 |    42 ||   103
  Dodge: Dodged            |    56 |    37 ||    93

Table legend: (Time is in decaauts)
 A = Elapsed time spent in this place.
 B = Non-inter-level travel time spent in this place.
 C = Inter-level travel time spent in this place.
 D = Time resting spent in this place.
 E = Time spent auto-exploring this place.
 F = Levels seen in this place.
 G = Mean time per level.
                   A        B        C        D        E       F      G
               +--------+--------+--------+--------+--------+-----+--------+
         Total |   1708 |   1652 |     56 |      0 |   1261 |   3 |  569.3 |
       Dungeon |   1708 |   1652 |     56 |      0 |   1261 |   3 |  569.3 |
               +--------+--------+--------+--------+--------+-----+--------+

Top non-repeatable levels by time:
     D:1: 943 daAuts
     D:2: 732 daAuts
     D:3: 32 daAuts

Levels and vault maps discovered:
D:1:      dpeg_arrival_fog, layout_loops_corners, serial_park_tiny_1,
          kennysheep_nondescript, chequers_serial_rivers_small_a
D:2:      layout_rooms, dreamdust_ecumenical_altar_statues,
          kennysheep_small_spiral, minmay_nonomino_d4
D:3:      layout_loops_ring, lemuel_doored_altar,
          mainiacjoe_overflow_large_starburst, uniq_natasha

Table legend: (Time is in decaauts)
 A = Elapsed time spent in this place.
 B = Non-inter-level travel time spent in this place.
 C = Inter-level travel time spent in this place.
 D = Time resting spent in this place.
 E = Time spent auto-exploring this place.
 F = Levels seen in this place.
 G = Mean time per level.
                   A        B        C        D        E       F      G
               +--------+--------+--------+--------+--------+-----+--------+
         Total |   1708 |   1652 |     56 |      0 |   1261 |   3 |  569.3 |
       Dungeon |   1708 |   1652 |     56 |      0 |   1261 |   3 |  569.3 |
               +--------+--------+--------+--------+--------+-----+--------+

Top non-repeatable levels by time:
     D:1: 943 daAuts
     D:2: 732 daAuts
     D:3: 32 daAuts

Table legend:
 A = Kills in this place as a percentage of kills in the entire game.
 B = Kills by you in this place as a percentage of kills by you in the entire game.
 C = Kills by friends in this place as a percentage of kills by friends in the entire game.
 D = Other kills in this place as a percentage of other kills in the entire game.
 E = Experience gained in this place as a percentage of experience gained in the entire game.
 F = Experience gained in this place divided by the number of levels of this place that you have seen.
                   A       B       C       D       E      F
               +-------+-------+-------+-------+-------+----------------------
         Total | 100.0 | 100.0 |   N/A |   N/A | 100.0 |  49.3
       Dungeon | 100.0 | 100.0 |   N/A |   N/A | 100.0 |  49.3
               +-------+-------+-------+-------+-------+----------------------
